 Dungeon Crawl Stone Soup version 0.29-a0-330-g52719c12eb (webtiles) character file.

Game seed: 16440830140618025615

940 Ska the Cutter (level 7, -2/52 HPs)
             Began as a Vampire Gladiator on May 23, 2022.
             Was a High Priest of Cheibriados.
             Slain by a gnoll
             ... wielding a +0 halberd
              (6 damage)
             ... on level 5 of the Dungeon.
             The game lasted 00:15:39 (3662 turns).

Ska the Cutter (Vampire Gladiator)                  Turns: 3662, Time: 00:15:40

Health: -2/52      AC: 11    Str: 24    XL:     7   Next: 88%
Magic:  16/16      EV: 17    Int: 21    God:    Cheibriados [*****.]
Gold:   269        SH:  0    Dex: 33    Spells: 6/6 levels left

rFire   . . .      SeeInvis +   a - +0 rapier
rCold   . . .      Faith    .   (no shield)
rNeg    . . .      Spirit   .   p - +3 leather armour of Birdsong {Dex+4}
rPois   .          Reflect  .   c - +0 helmet
rElec   .          Harm     .   (no cloak)
rCorr   .          Rampage  .   (no gloves)
Will    .....                   (no boots)
Stlth   ++++......              (no amulet)
HPRegen 0.37/turn               m - +4 ring of protection
MPRegen 0.15/turn               f - ring of magical power

@: healing quickly, very slow
A: alive, fangs 3, see invisible, vampiric 2
a: Exsanguinate, Renounce Religion, Bend Time, Temporal Distortion, Slouch, Step
From Time


You were on level 5 of the Dungeon.
You worshipped Cheibriados.
Cheibriados was extremely pleased with you.
You visited 1 branch of the dungeon, and saw 5 of its levels.

You collected 269 gold pieces.

Inventory:

Hand Weapons
 a - a +0 rapier (weapon)
 u - a +4 dire flail
Missiles
 d - 3 throwing nets (quivered)
 e - a javelin
Armour
 b - a +0 leather armour
 c - a +0 helmet (worn)
 p - the +3 leather armour of Birdsong (worn) {Dex+4}
   (You found it on level 2 of the Dungeon)

   Dex:       It affects your dexterity (+4).
Jewellery
 f - a ring of magical power (right hand)
 m - a +4 ring of protection (left hand)
Wands
 q - a wand of acid (6)
 s - a wand of flame (25)
 y - a wand of digging (6)
Scrolls
 h - 6 scrolls of identify {unknown}
 i - 2 scrolls of enchant weapon {unknown}
 j - a scroll of summoning {unknown}
 k - a scroll of teleportation {unknown}
 l - a scroll of silence {unknown}
 n - a scroll of magic mapping {unknown}
 o - a scroll of immolation {unknown}
 v - a scroll of enchant armour {unknown}
 A - 2 scrolls of noise {unknown}
 D - a scroll of torment {unknown}
 E - a scroll of vulnerability {unknown}
 F - a scroll of fear {unknown}
Potions
 g - 2 potions of heal wounds {unknown}
 t - 3 potions of might
 w - 2 potions of attraction {unknown}
 x - a potion of degeneration {unknown}
 z - a potion of flight {unknown}
 B - 2 potions of cancellation {unknown}
 C - a potion of lignification {unknown}


   Skills:
 + Level 3.3 Fighting
 + Level 7.5 Short Blades
 + Level 1.8 Throwing
 + Level 2.2 Armour
 + Level 4.7 Dodging
 + Level 5.3 Stealth


You had 6 spell levels left.
You didn't know any spells.
Your spell library contained the following spells:

 Spells                   Type           Power      Damage    Failure   Level
 Magic Dart               Conj           0%         1d3       21%         1
 Searing Ray              Conj           0%         2d4       30%         2
 Static Discharge         Conj/Air       0%         N/A       30%         2
 Dispel Undead            Necr           0%         3d6       90%         4
 Fulminant Prism          Conj/Hex       0%         3d6       90%         4
 Sticky Flame             Conj/Fire      0%         2d3       90%         4


Dungeon Overview and Level Annotations

Branches:
Dungeon (5/15)             Temple (0/1) D:4

Altars:
Ashenzari
Cheibriados
Fedhas
Qazlal
Sif Muna
Yredelemnul
The Shining One

Shops:
D:3 :


Innate Abilities, Weirdness & Mutations

Your natural rate of healing is accelerated.
You have razor-sharp teeth.
You have supernaturally acute eyesight. (SInv)
You are afflicted with vampirism and can become a bat while bloodless.


Message History

The gnoll hits you from afar with a +0 spear.
* * * LOW HITPOINT WARNING * * *
The gnoll hits the plant with a +0 halberd!
The plant begins to die.
The ogre closely misses you. The ogre attacks as you move away!
The ogre misses you.
You hear the quick hiss of a very distant avalanche of sand.
The ufetubus hits you but does no damage.
The ufetubus misses you. x2; The ufetubus completely misses you.
The gnoll falls through a shaft!
The shaft crumbles and collapses.
The ufetubus misses you.
The ufetubus hits you but does no damage.
A nearby plant withers and dies.
The ufetubus barely misses you. The ufetubus completely misses you.
The gnoll hits you from afar with a +0 halberd.
* * * LOW HITPOINT WARNING * * *
The gnoll completely misses you.
The ogre hits the bush with a +0 giant spiked club!
The ufetubus closely misses you.
The ufetubus hits you but does no damage.
You miss the ufetubus. The ufetubus misses you. The ufetubus barely misses you.
The gnoll barely misses you. The gnoll misses you.
It was a potion of magic.
Magic courses through your body. The ufetubus completely misses you.
The ufetubus misses you.
The ogre hits the bush with a +0 giant spiked club!
The gnoll closely misses you.
The gnoll hits you from afar with a +0 spear.
* * * LOW HITPOINT WARNING * * *
The ufetubus completely misses you. The ufetubus misses you.
You barely miss the ufetubus. Your bite misses the ufetubus.
The ufetubus completely misses you. The ufetubus misses you.
The gnoll hits you from afar with a +0 spear.
* * * LOW HITPOINT WARNING * * *
The gnoll barely misses you.
The ogre hits the bush but does no damage.
You puncture the ufetubus!
You kill the ufetubus!
Cheibriados thoroughly appreciates the change of pace.
The gnoll hits you but does no damage.
The gnoll hits you from afar with a +0 halberd.
You die...

#...<...............#....
#...............)...#....
#.............).....#....
#...................#####
###.#§...P.P###........
..#≈≈§..gPPP..#...!.....
...≈_.gOg._P!.#..........
##≈≈§§≈§PPPP..#..........
#.^≈§§.@.PP..#..........
#....#.....###
##########+#


You could see an ogre and 3 gnolls.

Vanquished Creatures
  2 ogres
  The ghost of Sassenached the Chucker, an amateur HuWn (D:3)
  A centaur (D:4)
  2 phantoms
  Crazy Yiuf (D:2)
  An orc priest (D:3)
  A hound (D:4)
  A gnoll shaman (D:5)
  An iguana (D:5)
  An orc wizard (D:5)
  Robin (D:3)
  8 adders
  6 gnolls
  An ufetubus (D:5)
  2 worms
  2 dart slugs (D:1)
  10 orcs
  8 bats
  6 endoplasms
  3 giant cockroaches (D:3)
  19 goblins
  16 hobgoblins
  9 jackals
  10 kobolds
  7 quokkas
  3 ball pythons
  A frilled lizard (D:1)
  9 rats
133 creatures vanquished.

Vanquished Creatures (others)
  A plant (D:5)
1 creature vanquished.

Grand Total: 134 creatures vanquished

Notes
Turn   | Place    | Note
-------+----------+-------------------------------------------
     0 | D:1      | Ska the Vampire Gladiator began the quest for the Orb.
     0 | D:1      | Reached XP level 1. HP: 16/16 MP: 1/1
    35 | D:1      | Reached XP level 2. HP: 18/22 MP: 2/2
   223 | D:1      | Found a faded altar of an unknown god.
   256 | D:1      | Gained mutation: You are afflicted with vampirism and can
                  | become a bat while bloodless. [Vampire growth]
   256 | D:1      | Reached XP level 3. HP: 24/27 MP: 3/3
   260 | D:1      | Reached skill level 4 in Short Blades
   379 | D:1      | Prayed at the altar of an unknown god.
   379 | D:1      | Became a worshipper of Cheibriados the Contemplative
   379 | D:1      | Reached * piety under Cheibriados
   652 | D:1      | Reached ** piety under Cheibriados
  1093 | D:2      | Reached XP level 4. HP: 33/33 MP: 4/4
  1194 | D:2      | Identified the +3 leather armour of Birdsong {Dex+4}
  1412 | D:2      | Reached skill level 1 in Stealth
  1431 | D:2      | Found a runed translucent door.
  1432 | D:2      | Noticed Crazy Yiuf
  1610 | D:2      | Killed Crazy Yiuf
  1611 | D:2      | Reached skill level 1 in Armour
  1918 | D:3      | Found Kadekoim's Book Shop.
  1919 | D:3      | Noticed a phantom
  1924 | D:3      | Noticed Robin
  1926 | D:3      | Reached XP level 5. HP: 24/39 MP: 5/5
  1935 | D:3      | Killed a phantom
  1936 | D:3      | Reached skill level 5 in Short Blades
  1947 | D:3      | Killed Robin
  1954 | D:3      | Reached *** piety under Cheibriados
  2129 | D:3      | Reached XP level 6. HP: 46/46 MP: 6/6
  2251 | D:3      | Found a basalt altar of Yredelemnul.
  2267 | D:3      | Found a broken altar of Ashenzari.
  2331 | D:3      | Found a transporter.
  2332 | D:3      | Noticed Sassenached's ghost (amateur HuWn)
  2333 | D:3      | Found a transporter.
  2370 | D:3      | Killed Sassenached's ghost
  2370 | D:3      | Reached **** piety under Cheibriados
  2371 | D:3      | Reached skill level 6 in Short Blades
  2642 | D:4      | Reached XP level 7. HP: 49/51 MP: 7/7
  2800 | D:4      | Found a staircase to the Ecumenical Temple.
  3202 | D:4      | Found a shimmering blue altar of Sif Muna.
  3244 | D:4      | Reached skill level 7 in Short Blades
  3360 | D:5      | Entered Level 5 of the Dungeon
  3360 | D:5      | Found a blossoming altar of Fedhas.
  3361 | D:5      | Found a stormy altar of Qazlal.
  3411 | D:5      | Reached skill level 5 in Stealth
  3542 | D:5      | Reached ***** piety under Cheibriados
  3662 | D:5      | Slain by a gnoll

Illustrated notes

Levels and vault maps discovered:
D:1:      amcnicky_arrival_single_pillar, layout_loops_ring,
          nicolae_ecumenical_lake_church
D:2:      layout_loops_cross, uniq_crazy_yiuf_cottage
D:3:      layout_basic, nicolae_overflow_crystal_walls,
          mainiacjoe_overflow_catwalk_spiral, serial_shops,
          nicolae_shop_waterfront, gammafunk_ghost_smash, interstate_on_off,
          uniq_robin
D:4:      layout_loops_ring, kennysheep_little_box, minmay_temple_entry_trees,
          st_stairs_12
D:5:      layout_gridville, grunt_temple_overflow_forces_of_nature,
          chequers_ossuary_entry_cave

Skill      XL: |  1  2  3  4  5  6  7 |
---------------+----------------------+-----
Fighting       | 2 3 |  3.3
Short Blades   | 4 5 6 7 |  7.5
Stealth        | 2 3 4 5 |  5.3
Armour         | 1 2 |  2.2
Dodging        | 4 |  4.7
Throwing       | |  1.8

Action                   |  1- 3 |  4- 6 |  7- 9 || total
-------------------------+-------+-------+-------++-------
Melee: Rapier            |   128 |   134 |    87 ||   349
       Bite              |     9 |    12 |    13 ||    34
       Punch             |       |     4 |     4 ||     8
  Use: Potion            |       |     1 |     1 ||     2
 Stab: Sleeping          |     1 |    10 |     5 ||    16
       Distracted        |       |       |     1 ||     1
Armor: Leather armour    |    43 |    45 |    40 ||   128
Dodge: Dodged            |    97 |    85 |   153 ||   335

Table legend: (Time is in decaauts)
 A = Elapsed time spent in this place.
 B = Non-inter-level travel time spent in this place.
 C = Inter-level travel time spent in this place.
 D = Time resting spent in this place.
 E = Time spent auto-exploring this place.
 F = Levels seen in this place.
 G = Mean time per level.
                   A        B        C        D        E       F      G
               +--------+--------+--------+--------+--------+-----+--------+
         Total |   5137 |   4981 |    156 |      0 |   3727 |   5 | 1027.4 |
       Dungeon |   5137 |   4981 |    156 |      0 |   3727 |   5 | 1027.4 |
               +--------+--------+--------+--------+--------+-----+--------+

Top non-repeatable levels by time:
     D:2: 1416 daAuts
     D:4: 1196 daAuts
     D:3: 1036 daAuts
     D:1: 1021 daAuts
     D:5: 465 daAuts
